 Dungeon Sprint DCSS version 0.31-a0-325-g067879e3d3 (webtiles) character file.

Game seed: 3046120861029958403

207 Conn the Arsonist (level 5, -3/27 HPs)
             Began as an Octopode Fire Elementalist on July 18, 2023.
             Was an Initiate of Sif Muna.
             Killed from afar by a deep elf pyromancer (30 damage)
             ... with a bolt of fire
             ... in the Dungeon (Sprint III: "The Ten Rune Challenge").
             The game lasted 00:02:10 (444 turns).

Conn the Arsonist (Octopode Fire Elementalist)       Turns: 444, Time: 00:02:11

Health: -3/27      AC:  1    Str:  7    XL:     5   Next: 85%
Magic:  5/13       EV: 14    Int: 19    God:    Sif Muna [......]
Gold:   22         SH:  0    Dex: 13    Spells: 5/15 levels left

rFire   . . .        g - +0 dagger
rCold   . . .        (no shield)
rNeg    . . .        (helmet restricted)
rPois   .            (no amulet)
rElec   .            (no ring)
rCorr   .            (no ring)
SInv    .            (no ring)
Will    .....        (no ring)
Stlth   ++++         (no ring)
HPRegen 0.24/turn    (no ring)
MPRegen 0.13/turn    (no ring)
                     (no ring)

%: no teleportation, clarity
@: no status effects
A: almost no armour, amphibious, 8 rings, camouflage 1, gelatinous body 1,
(nimble swimmer 1), tentacles, clarity, frail 1
a: Renounce Religion


You were in the Dungeon.
You worshipped Sif Muna.
Sif Muna was noncommittal.
You visited 1 branch You collected 22 gold pieces.

Inventory:

Hand Weapons
 g - a +0 dagger (weapon)
Scrolls
 f - a scroll of blinking
 h - a scroll of torment {unknown}
 i - 2 scrolls of poison {unknown}
 j - a scroll of identify {unknown}
Potions
 a - 2 potions of magic
 b - 3 potions of curing
 c - a potion of heal wounds
 d - a potion of haste
 e - 2 potions of berserk rage
 k - a potion of brilliance {unknown}
 l - 2 potions of enlightenment


   Skills:
 + Level 4.1 Dodging
 + Level 5.2 Stealth
 + Level 5.9 Spellcasting
 + Level 3.8 Conjurations
 + Level 8.2 Fire Magic


You had 5 spell levels left.
You knew the following spells:

 Your Spells              Type           Power      Damage    Failure   Level
a - Foxfire               Conj/Fire      100%       2x1d9     1%          1
b - Scorch                Fire           72%        2d8       1%          2
c - Inner Flame           Hex/Fire       21%        N/A       6%          3
d - Flame Wave            Conj/Fire      28%        2d9       10%         4

Your spell library contained the following spells:

 Spells                   Type           Power      Damage    Failure   Level
 Volatile Blastmotes      Fire/Tloc      42%        2d13      6%          3
 Cigotuvi's Dreadful Rot  Necr/Pois/Air  10%        N/A       17%         2
 Ensorcelled Hibernation  Hex/Ice        10%        N/A       17%         2
 Anguish                  Hex/Necr       2%         N/A       75%         4
 Dispel Undead            Necr           5%         3d7       75%         4
 Death Channel            Necr           2%         N/A       100%        6


Dungeon Overview and Level Annotations

Branches:
Dungeon (1/1)

Altars:
Elyvilon
Kikubaaqudgha
Sif Muna
Vehumet
Zin
The Shining One


Innate Abilities, Weirdness & Mutations

You cannot wear most types of armour.
You are amphibious.
You can wear up to eight rings at the same time.
Your skin changes colour to match your surroundings (Stealth+).
Your rubbery body absorbs attacks. (AC +1, EV +1)
((You are camouflaged when in or above water. (Stealth+)))
You have tentacles for arms and can constrict up to eight enemies at once.
You possess an exceptional clarity of mind.
You are frail. (-10% HP)


Message History

You conjure some foxfire!
You hear a shout! x2
Unknown command.
Found a white marble altar of Elyvilon.
You hear a shout!
Casting: Foxfire (safe; 1% risk of failure)
Confirm with . or Enter, or press ? or * to list all spells.
You conjure some foxfire!
You hear a shout!
Your foxfire dissipates!
Unknown command.
A deep elf pyromancer comes into view.
It is wielding a +0 long sword of holy wrath.
Found a potion of heal wounds.
Your foxfire dissipates!
Unknown command.
Casting: Foxfire (safe; 1% risk of failure)
Confirm with . or Enter, or press ? or * to list all spells.
Flames lash the deep elf pyromancer.
The deep elf pyromancer is lightly wounded.
The deep elf pyromancer's fire resistance burns away.
The foxfire hits the deep elf pyromancer!
The deep elf pyromancer is burned terribly!
The deep elf pyromancer is heavily wounded.
The foxfire hits the deep elf pyromancer.
The deep elf pyromancer is burned terribly!
The deep elf pyromancer is heavily wounded.
Casting: Scorch (safe; 1% risk of failure)
Confirm with . or Enter, or press ? or * to list all spells.
The spell is extremely dangerous to miscast (10% risk of failure)!
Continue anyway?
Casting: Flame Wave (extremely dangerous; 10% risk of failure)
Press: ? - help, Dir - look around, f - activate A wave of flame ripples out!
The flame wave engulfs the deep elf pyromancer!
The deep elf pyromancer is burned terribly!
The deep elf pyromancer is almost dead. (Press . to intensify the flame waves.)
The deep elf pyromancer casts a spell at you.
The bolt of fire hits you!!
Ouch! That really hurt!
You die...

▓▓▓▓▓▓ ▓▓▓ '....♣♣♣
♣.##### #....♣.♣ ♣.#___#
#......♣ ♣♣.#!..#
#....~♣♣♣♣..###e#+###+##
#...~~....♣.#.§§@......#
#..†~~~.....'.§........#
#..~≈≈~~~♣♣.#...######+#
#.~~≈~~~....#.⌠.#
#.~≈~~~.....#...#
#.~~~.......#[###
#...........#)..#
............#___#
▓▓▓▓▓▓▓▓▓▓▓▓▓▓▓▓▓


You could see a deep elf pyromancer (combustible).

Vanquished Creatures
  A water elemental (D)
  A scorpion (D)
  A wizard (D)
  Jessica (D)
  A human (D)
  A kobold demonologist (D)
  An endoplasm (D)
  A rat (D)
8 creatures vanquished.

Vanquished Creatures (others)
  40 foxfires (D)
40 creatures vanquished.

Grand Total: 48 creatures vanquished

Notes
Turn   | Place    | Note
-------+----------+-------------------------------------------
     0 | D        | Conn the Octopode Fire Elementalist began the quest for the
                  | Orb.
     0 | D        | Reached XP level 1. HP: 11/11 MP: 3/3
    43 | D        | Noticed Jessica
    54 | D        | Killed Jessica
    55 | D        | Reached skill level 5 in Fire Magic
    55 | D        | Reached XP level 2. HP: 10/17 MP: 1/6
    55 | D        | Reached XP level 3. HP: 12/21 MP: 1/7
   119 | D        | Noticed a scorpion
   208 | D        | Learned a level 2 spell: Scorch
   212 | D        | Learned a level 3 spell: Inner Flame
   226 | D        | Killed a scorpion
   227 | D        | Reached skill level 6 in Fire Magic
   227 | D        | Reached XP level 4. HP: 27/27 MP: 3/10
   247 | D        | Gained mutation: Your body sometimes deteriorates upon
                  | taking damage. [potion of mutation]
   247 | D        | Gained mutation: You have hidden genetic potential. [potion
                  | of mutation]
   247 | D        | Gained mutation: Your magical capacity is low. (-10% MP)
                  | [potion of mutation]
   248 | D        | Lost mutation: Your magical capacity is low. (-10% MP)
                  | [potion of mutation]
   248 | D        | Lost mutation: Your body sometimes deteriorates upon taking
                  | damage. [potion of mutation]
   248 | D        | Lost mutation: You have hidden genetic potential. [potion
                  | of mutation]
   248 | D        | Gained mutation: You possess an exceptional clarity of
                  | mind. [potion of mutation]
   248 | D        | Gained mutation: You are frail. (-10% HP) [potion of
                  | mutation]
   290 | D        | Noticed a water elemental
   292 | D        | Killed a water elemental
   293 | D        | Reached skill level 5 in Stealth
   293 | D        | Reached skill level 5 in Spellcasting
   293 | D        | Reached skill level 7 in Fire Magic
   293 | D        | Reached XP level 5. HP: 27/27 MP: 6/12
   348 | D        | Found a radiant altar of Vehumet.
   348 | D        | Found a shimmering blue altar of Sif Muna.
   348 | D        | Found an ancient bone altar of Kikubaaqudgha.
   354 | D        | Reached skill level 8 in Fire Magic
   358 | D        | Became a worshipper of Sif Muna the Loreminder
   366 | D        | Learned a level 4 spell: Flame Wave
   437 | D        | Found a glowing silver altar of Zin.
   438 | D        | Found a glowing golden altar of the Shining One.
   440 | D        | Found a white marble altar of Elyvilon.
   442 | D        | Noticed a deep elf pyromancer
   444 | D        | Killed from afar by a deep elf pyromancer

Illustrated notes

Levels and vault maps discovered:
D:        dungeon_sprint_mu [sprint_mu_entry_forest, sprint_mu_temple_rooms,
          sprint_mu_d1_horrors, sprint_mu_d2_genie, sprint_mu_d3_branching,
          sprint_mu_orc_legion, sprint_mu_elf_gauntlet, sprint_mu_hive_nellie,
          sprint_mu_lair_fedhas, sprint_mu_vaults_butterflies,
          sprint_mu_slime_circle, sprint_mu_swamp_cave, sprint_mu_shoals_archi,
          sprint_mu_blade_basic, sprint_mu_crypt_chambers,
          sprint_mu_tomb_spiral, sprint_mu_vestibule_basic,
          sprint_mu_gehenna_hellfire, sprint_mu_dis_giant,
          sprint_mu_tartarus_statrot, sprint_mu_cocytus_islands, sprint_mu_zot1]

Skill      XL: |  1  2  3  4  5 |
---------------+----------------+-----
Stealth        | 3 4 5 |  5.2
Spellcasting   | 3 4 5 |  5.9
Fire Magic     | 5 6 7 8 |  8.2
Dodging        | 3 4 |  4.1
Conjurations   | 2 3 |  3.8

Action                     |  1- 3 |  4- 6 || total
---------------------------+-------+-------++-------
  Melee: Unarmed           |     2 |       ||     2
         Constrict         |     2 |       ||     2
         Tentacles         |     1 |       ||     1
   Cast: Foxfire           |    20 |     2 ||    22
         Scorch            |       |     8 ||     8
         Flame Wave        |       |     1 ||     1
    Use: Potion            |     1 |     2 ||     3
  Dodge: Dodged            |       |     1 ||     1

Table legend: (Time is in decaauts)
 A = Elapsed time spent in this place.
 B = Non-inter-level travel time spent in this place.
 C = Inter-level travel time spent in this place.
 D = Time resting spent in this place.
 E = Time spent auto-exploring this place.
 F = Levels seen in this place.
 G = Mean time per level.
                   A        B        C        D        E       F      G
               +--------+--------+--------+--------+--------+-----+--------+
         Total |    443 |    443 |      0 |    271 |      0 |   1 |  443.0 |
       Dungeon |    443 |    443 |      0 |    271 |      0 |   1 |  443.0 |
               +--------+--------+--------+--------+--------+-----+--------+

Top non-repeatable levels by time:
       D: 443 daAuts
